AoeStats
← Parzival

Black Forest

508249006Analyzed
2v2 RM · 11d ago on Sep 21, 2026· 68m 11s· 4 players
Game mode
Random Map
Map size
Medium (4 player)
Population
200
Speed
Normal
Resources
Standard
Victory
Conquest
Starting age
Dark Age
Ending age
Imperial Age
RankedLock teamsTeams togetherTeam positionsShared explorationLock speedFull tech treeHidden civsTurbo modeCheats
Victory
Defeat
🇬🇧 Vikings · United Kingdom
981
+17
🇨🇭 Britons · Switzerland
938
+19
🇫🇷 Poles · France
1036
-19
🇫🇷 Mongols · France
973
-17
MCTommiD
11:20 Feudal Age
16:17 Castle Age
25:29 Loom
30:47 Imperial Age
28:00 Man-at-Arms
28:26 Gambesons
28:41 Squires
28:56 Forging
28:47 Scale Mail Armor
28:52 Long Swordsman
29:17 Arson
31:07 Iron Casting
30:47 Chain Mail Armor
31:15 Gold Mining
31:24 Two-Handed Swordsman
33:06 Blast Furnace
32:41 Conscription
32:58 Champion
34:11 Plate Mail Armor
34:18 Onager
41:04 Chieftains
55:56 Gold Shaft Mining
M44281
1:12 Loom
13:16 Feudal Age
16:09 Double-Bit Axe
17:20 Town Watch
23:33 Castle Age
22:08 Stone Mining
26:00 Fortified Wall
27:21 Wheelbarrow
27:27 Wheelbarrow
29:22 Fletching
29:42 Guard Tower
31:24 Bodkin Arrow
38:21 Gold Mining
41:29 Imperial Age
39:39 Forging
39:30 Padded Archer Armor
39:37 Scale Barding Armor
39:56 Ballistics
40:59 Caravan
42:10 Chain Barding Armor
42:26 Iron Casting
42:07 Leather Archer Armor
42:15 Bow Saw
41:48 Horse Collar
42:06 Murder Holes
41:44 Onager
42:28 Husbandry
41:52 Cavalier
43:48 Plate Barding Armor
45:13 Blast Furnace
56:23 Bracer
58:22 Hand Cart
60:03 Conscription
62:38 Heavy Scorpion
65:45 Two-Man Saw
67:30 Elite Longbowman
68:49 Ring Archer Armor
tantan.waguy
5:31 Loom
12:18 Feudal Age
16:34 Castle Age
15:05 Double-Bit Axe
15:29 Horse Collar
16:39 Stone Mining
17:30 Wheelbarrow
18:00 Bow Saw
18:15 Bow Saw
20:23 Stone Mining
24:16 Scale Mail Armor
24:37 Heavy Plow
25:20 Arson
26:19 Gold Mining
28:39 Forging
30:55 Hand Cart
31:39 Treadmill Crane
32:19 Ballistics
34:49 Imperial Age
32:06 Town Watch
32:29 Fletching
33:37 Murder Holes
34:21 Iron Casting
33:43 Bodkin Arrow
34:03 Chain Mail Armor
34:02 Masonry
35:25 Szlachta Privileges
35:28 Scale Barding Armor
35:47 Bloodlines
35:38 Husbandry
36:29 Hoardings
36:22 Conscription
37:22 Blast Furnace
35:58 Cavalier
37:38 Chain Barding Armor
37:43 Onager
39:33 Crop Rotation
39:50 Siege Engineers
39:54 Bracer
40:11 Chain Mail Armor
39:42 Light Cavalry
42:10 Chemistry
45:55 Lechitic Legacy
44:57 Elite Obuch
47:57 Stone Shaft Mining
50:34 Plate Mail Armor
55:47 Squires
56:35 Crossbowman
57:36 Thumb Ring
57:58 Fortified Wall
58:34 Arbalester
63:47 Padded Archer Armor
Parzival
1:23 Loom
12:20 Feudal Age
13:13 Double-Bit Axe
14:18 Horse Collar
16:02 Man-at-Arms
19:36 Gold Mining
20:47 Scale Barding Armor
20:53 Forging
20:36 Fletching
23:33 Castle Age
22:19 Stone Mining
23:52 Wheelbarrow
23:11 Fletching
23:32 Forging
30:19 Gold Shaft Mining
30:27 Bow Saw
30:57 Iron Casting
31:36 Nomads
32:56 Hand Cart
36:10 Imperial Age
34:49 Stone Shaft Mining
37:46 Conscription
38:03 Hoardings
37:14 Capped Ram
38:21 Drill
39:09 Siege Ram
41:30 Chemistry
41:01 Bodkin Arrow
41:13 Scale Barding Armor
41:22 Heavy Plow
41:08 Elite Mangudai
48:59 Pikeman
49:40 Squires
Connection lost

Rejoining the realm…

Still unreachable

The connection could not be restored.

Session expired

The server has moved on; the page needs a fresh start.